 Dungeon Crawl Stone Soup version 0.20-a0-647-gf178af5 (webtiles) character file.

131 GlassEater the Cutter (level 5, -3/32 HPs)
             Began as a Kobold Gladiator on Feb 16, 2017.
             Slain by an orc
             ... wielding a +0 flail
              (6 damage)
             ... while paralysed
             ... on level 3 of the Dungeon.
             The game lasted 00:04:56 (2214 turns).

GlassEater the Cutter (Kobold Gladiator)            Turns: 2214, Time: 00:04:56

Health: -3/32      AC:  4    Str: 11    XL:     5   Next: 37%
Magic:  5/5        EV:  3    Int: 10    God:
Gold:   217        SH:  0    Dex: 17    Spells: 4/4 levels left

rFire    + + .     SeeInvis .   a - +0 rapier
rCold    + + .     Gourm    .   b - +0 leather armour
rNeg     . . .     Faith    .   n - +0 buckler
rPois    +         Spirit   .   c - +0 helmet
rElec    +         Reflect  .   k - scarf {rC+ rF+}
rCorr    +         Harm     .   (no gloves)
MR       .....                  (no boots)
Stlth    +++.......             (no amulet)
Regen    0.1/turn               (no ring)
MPRegen  0.1/turn               q - ring of stealth

@: paralysed, exhausted, resistant, flying, slowed
A: blink, carnivore 3, electricity resistance, MP-powered wands
a: Blink


You were on level 3 of the Dungeon.
You were very full.

You visited 1 branch of the dungeon, and saw 3 of its levels.

You collected 217 gold pieces.

Inventory:

Hand Weapons
 a - a +0 rapier (weapon)
Missiles
 d - 3 throwing nets (quivered)
 e - 69 stones
Armour
 b - a +0 leather armour (worn)
 c - a +0 helmet (worn)
 k - a scarf of resistance (worn)
 n - a +0 buckler (worn)
Jewellery
 q - a ring of stealth (left hand)
 t - an uncursed ring of fire
Scrolls
 h - 2 scrolls of immolation {unknown}
 l - a scroll of remove curse {unknown}
 m - 3 scrolls of identify {unknown}
 p - a scroll of enchant armour {unknown}
 u - a scroll of enchant weapon {unknown}
Potions
 j - 2 potions of curing
Comestibles
 f - a meat ration
 o - 4 chunks of flesh


   Skills:
 + Level 2.8 Fighting
 + Level 5.9 Short Blades
 + Level 2.3 Throwing
 + Level 4.2 Dodging
 + Level 1.1 Stealth
 + Level 1.4 Shields


You had 4 spell levels left.
You didn't know any spells.

Dungeon Overview and Level Annotations

Branches:
Dungeon (3/15)

Altars:


Innate Abilities, Weirdness & Mutations

You are small and have problems with some larger weapons.
You are carnivorous and can eat meat at any time.
You can translocate small distances at will.
You are resistant to electric shocks. (rElec)
You expend magic power (3 MP) to strengthen your wands.


Message History

The orc throws a tomahawk.
The tomahawk closely misses you.
You puncture something! Something hits you.
* * * LOW HITPOINT WARNING * * *
You miss something. Something hits you but does no damage.
You miss something. Something hits you.
* * * LOW HITPOINT WARNING * * *
The orc throws a tomahawk.
Reactivating autopickup.
You feel a bit more experienced.
Items here: ( ))) [[ † You feel a strong urge to attack something.
You block the orc's attack.
You puncture the orc!
You kill the orc!
You are no longer berserk.
You pass out from exhaustion.
You feel yourself slow down. The orc hits you with a flail.
* * * LOW HITPOINT WARNING * * *
The orc hits you with a flail.
You die...

##.#.####.#
#........#
###.######
#.# #.# #.#
#.#
#.########...
#(.(.@ow.....
##########...


You could see a dart slug and an orc.

Vanquished Creatures
  An orc wizard (D:3)
  An ooze (D:1)
  3 worms
  4 dart slugs
  A leopard gecko (D:1)
  2 orcs (D:3)
  8 bats
  3 giant cockroaches
  6 goblins
  8 hobgoblins
  2 jackals (D:3)
  4 kobolds
  A quokka (D:2)
  2 frilled lizards (D:1)
  4 rats
50 creatures vanquished.

Vanquished Creatures (others)
  An orc wizard (D:3)
1 creature vanquished.

Grand Total: 51 creatures vanquished

Notes
Turn   | Place    | Note
-------+----------+-------------------------------------------
     0 | D:1      | GlassEater the Kobold Gladiator began the quest for the Orb.
     0 | D:1      | Reached XP level 1. HP: 12/12 MP: 1/1
   136 | D:1      | Reached XP level 2. HP: 17/17 MP: 2/2
   447 | D:1      | Reached XP level 3. HP: 21/22 MP: 3/3
   880 | D:2      | Reached skill level 5 in Short Blades
  1166 | D:2      | Reached XP level 4. HP: 20/27 MP: 4/4
  1620 | D:2      | Reached skill level 1 in Shields
  2197 | D:3      | Gained mutation: You expend magic power (3 MP) to strengthen your wands. [potion of mutation]
  2197 | D:3      | Gained mutation: You can translocate small distances at will. [potion of mutation]
  2197 | D:3      | Gained mutation: You are resistant to electric shocks. (rElec) [potion of mutation]
  2205 | D:3      | Reached skill level 1 in Stealth
  2205 | D:3      | Reached XP level 5. HP: 7/31 MP: 5/5
  2214 | D:3      | Slain by an orc

Vault maps used:
D:1:      tarquinn_simple_flora_water_a
D:3:      first_bread, portal_sewer_entry_e

Skill      XL: |  1  2  3  4 |
---------------+-------------+-----
Dodging        | 4 |  4.2
Short Blades   | 5 |  5.9
Shields        | 1 |  1.4
Stealth        | 1 |  1.1
Fighting       | |  2.8
Throwing       | |  2.3

Action                   |  1- 3 |  4- 6 || total
-------------------------+-------+-------++-------
Melee: Rapier            |   106 |    72 ||   178
  Use: Potion            |       |     5 ||     5
 Stab: Sleeping          |       |     1 ||     1
  Eat: Chunk             |     9 |     3 ||    12
Armor: Leather armour    |    19 |     8 ||    27
Dodge: Dodged            |    68 |    38 ||   106
Block: Buckler           |     8 |    15 ||    23
